 Seeded DCSS version 0.31-a0-726-g3c93526 (webtiles) character file.

Game seed: 5254813058642362743 (custom seed)

454 BarneyGumball the Slicer (level 7, 0/41 HPs)
             Began as a Kobold Cinder Acolyte on Sept 11, 2023.
             Was an Elder of Ignis.
             Slain by a gnoll sergeant
             ... wielding a +0 spear
              (10 damage)
             ... on level 5 of the Dungeon.
             The game lasted 00:10:34 (4302 turns).

BarneyGumball the Slicer (Kobold Cinder Acolyte)    Turns: 4302, Time: 00:10:34

Health: 0/41       AC: 13    Str: 11    XL:     7   Next: 26%
Magic:  8/8        EV: 16    Int: 15    God:    Ignis [****..]
Gold:   266        SH:  0    Dex: 13    Spells: 8/8 levels left

rFire   + . .        a - -1 short sword (flame)
rCold   + . .        (no shield)
rNeg    . . .        f - +0 ring mail
rPois   .            (no helmet)
rElec   .            (no cloak)
rCorr   .            o - +0 pair of gloves
SInv    .            (no boots)
Will    .....        (no amulet)
Stlth   +++          q - ring of protection from cold
HPRegen 0.26/turn    v - +5 ring of evasion
MPRegen 0.11/turn

%: no passive effects
@: fiery-armoured
A: small, no large weapons, nightstalker 3
a: Renounce Religion, Fiery Armour, Foxfire Swarm, Rising Flame


You were on level 5 of the Dungeon.
You worshipped Ignis.
Ignis was greatly pleased with you.
You visited 1 branch of the dungeon, and saw 5 of its levels.

You collected 266 gold pieces.

Inventory:

Hand Weapons
 a - a -1 short sword of flaming (weapon)
 n - a +0 antimagic sling
 r - the +5 quarterstaff "Geabb" {venom, Dex+6 Stlth-}
   (You found it on level 4 of the Dungeon)

   Dex+6:     It affects your dexterity (+6).
   Stlth-:    It makes you less stealthy.
Missiles
 t - 7 poisoned darts
Armour
 f - a +0 ring mail (worn)
 o - a +0 pair of gloves (worn)
Jewellery
 q - a ring of protection from cold (left hand)
 s - a ring of magical power
 v - a +5 ring of evasion (right hand)
Scrolls
 b - a scroll of butterflies {unknown}
 d - a scroll of teleportation {unknown}
 e - a scroll of torment {unknown}
 h - a scroll of fear {unknown}
 i - 2 scrolls of identify
 j - a scroll of fog {unknown}
 k - a scroll of revelation {unknown}
 m - a scroll of poison {unknown}
 u - a scroll of blinking {unknown}
Potions
 c - a potion of heal wounds {unknown}
 g - 4 potions of attraction
 l - 2 potions of curing
 p - a potion of degeneration {unknown}


   Skills:
 - Level 3.2 Fighting
 + Level 8.4 Short Blades
 - Level 6.0 Stealth
 - Level 1.1 Spellcasting
 - Level 3.0 Fire Magic


You had 8 spell levels left.
You didn't know any spells.
Your spell library contained the following spells:

 Spells                   Type           Power      Damage    Failure   Level
 Scorch                   Fire           18%        2d5       26%         2
 Summon Small Mammal      Summ           0%         N/A       52%         1
 Call Canine Familiar     Summ           0%         N/A       87%         3
 Sigil of Binding         Hex            0%         N/A       87%         3
 Summon Guardian Golem    Hex/Summ       0%         N/A       87%         3
 Animate Dead             Necr           0%         N/A       99%         4
 Dimensional Bullseye     Hex/Tloc       0%         N/A       99%         4
 Leda's Liquefaction      Hex/Erth       0%         N/A       99%         4
 Borgnjor's Vile Clutch   Necr/Erth      0%         N/A       100%        5
 Death Channel            Necr           0%         N/A       100%        6


Dungeon Overview and Level Annotations

Branches:
Dungeon (5/15)
 Temple: D:4-7

Altars:
Makhleb


Innate Abilities, Weirdness & Mutations

You are small and have problems with some larger weapons.
You are completely attuned to the shadows.


Message History

The gnoll sergeant is lightly wounded.
The gnoll sergeant hits you with a +0 spear.
You hit the gnoll sergeant but do no damage.
The gnoll sergeant is lightly wounded.
The gnoll sergeant barely misses you.
You closely miss the gnoll sergeant.
The gnoll sergeant is lightly wounded.
You hit the gnoll sergeant but do no damage.
The gnoll sergeant is lightly wounded.
The black bear completely misses you.
The black bear claws you but does no damage.
The black bear is burned by your cloak of flames.
The black bear is lightly wounded.
The black bear claws you but does no damage.
The black bear is burned by your cloak of flames.
The black bear is moderately wounded.
The gnoll sergeant hits you with a +0 spear.
You barely miss the gnoll sergeant.
The gnoll sergeant is lightly wounded.
You hit the gnoll sergeant but do no damage.
The gnoll sergeant is lightly wounded.
The gnoll sergeant hits you with a +0 spear!
* * * LOW HITPOINT WARNING * * *
The gnoll sergeant is burned by your cloak of flames.
The gnoll sergeant is moderately wounded.
The black bear bites you but does no damage.
The black bear is burned by your cloak of flames.
The black bear is heavily wounded.
The black bear barely misses you. The black bear completely misses you.
Okay, then.
You closely miss the gnoll sergeant.
The gnoll sergeant is moderately wounded.
You barely miss the gnoll sergeant.
The gnoll sergeant is moderately wounded.
The black bear bites you but does no damage.
The black bear is burned by your cloak of flames.
The black bear is heavily wounded.
The black bear barely misses you. The black bear closely misses you.
The gnoll sergeant hits you with a +0 spear!
You die...

######.#..#
#...).)#..#
......#.######
.# ......#.#
......#.#
......#.#
...†..#.#
.....)#)#
.....)@g#
.....h###
......# .....#
......


You could see a black bear and a gnoll sergeant.

Vanquished Creatures
  2 scorpions (D:4)
  2 hounds
  An iguana (D:4)
  Natasha (thrice) (D:4)
  8 gnolls
  2 adders
  A worm (D:3)
  3 dart slugs
  6 orcs (D:4)
  5 endoplasms
  3 giant cockroaches
  7 goblins
  8 hobgoblins
  2 quokkas
  7 ball pythons
  4 bats
  6 frilled lizards
  6 kobolds
  3 rats
79 creatures vanquished.

Vanquished Creatures (others)
  21 foxfires (D:2)
21 creatures vanquished.

Grand Total: 100 creatures vanquished

Notes
Turn   | Place    | Note
-------+----------+-------------------------------------------
     0 | D:1      | BarneyGumball the Kobold Cinder Acolyte began the quest for
                  | the Orb.
     0 | D:1      | Reached XP level 1. HP: 14/14 MP: 2/2
    81 | D:1      | Reached skill level 1 in Stealth
   111 | D:1      | Reached XP level 2. HP: 19/19 MP: 3/3
   490 | D:1      | Reached XP level 3. HP: 16/23 MP: 4/4
  1094 | D:2      | Found the +5 robe of Misfortune {Harm *Corrode *Slow EV+5}
  1328 | D:2      | Found a burning altar of Makhleb.
  1580 | D:2      | Reached skill level 5 in Short Blades
  1580 | D:2      | Reached XP level 4. HP: 28/28 MP: 5/5
  3014 | D:4      | Noticed a scorpion
  3017 | D:4      | Reached XP level 5. HP: 32/32 MP: 6/6
  3130 | D:4      | Identified the +5 quarterstaff "Geabb" {venom, Dex+6
                  | Stlth-}
  3282 | D:4      | Reached skill level 6 in Short Blades
  3643 | D:4      | Noticed Natasha
  3653 | D:4      | Killed Natasha
  3654 | D:4      | Reached skill level 5 in Stealth
  3672 | D:4      | Reached XP level 6. HP: 16/37 MP: 7/7
  3689 | D:4      | Reached skill level 7 in Short Blades
  3806 | D:4      | Noticed Natasha
  3812 | D:4      | Killed Natasha
  4006 | D:4      | Noticed Natasha
  4019 | D:4      | Killed Natasha
  4020 | D:4      | Reached XP level 7. HP: 33/41 MP: 8/8
  4135 | D:5      | Entered Level 5 of the Dungeon
  4191 | D:5      | Reached skill level 8 in Short Blades
  4302 | D:5      | Slain by a gnoll sergeant

Illustrated notes

Levels and vault maps discovered:
D:1:      minmay_arrival_arboretum_small, layout_basic, st_stairs_2
D:2:      layout_loops_corners, basic_altar
D:3:      layout_basic
D:4:      minmay_angry_zag, layout_cave_pods, uniq_natasha
D:5:      layout_basic

Skill      XL: |  1  2  3  4  5  6  7 |
---------------+----------------------+-----
Stealth        | 1 2 3 4 5 6 |  6.0
Short Blades   | 5 6 7 8 |  8.4
Fighting       | |  3.2
Spellcasting   | |  1.1
Fire Magic     | |  3.0

Action                     |  1- 3 |  4- 6 |  7- 9 || total
---------------------------+-------+-------+-------++-------
  Melee: Short sword       |    99 |   124 |    60 ||   283
         Punch             |     2 |     2 |     1 ||     5
 Invoke: Foxfire Swarm     |     1 |       |       ||     1
         Fiery Armour      |       |     2 |     1 ||     3
    Use: Potion            |       |     2 |       ||     2
         Scroll            |       |     1 |       ||     1
   Stab: Sleeping          |     4 |    11 |     1 ||    16
         Distracted        |       |     3 |       ||     3
 Armour: Robe              |     8 |       |       ||     8
         Ring mail         |    26 |    48 |    33 ||   107
  Dodge: Dodged            |    35 |    54 |    39 ||   128

Table legend: (Time is in decaauts)
 A = Elapsed time spent in this place.
 B = Non-inter-level travel time spent in this place.
 C = Inter-level travel time spent in this place.
 D = Time resting spent in this place.
 E = Time spent auto-exploring this place.
 F = Levels seen in this place.
 G = Mean time per level.
                   A        B        C        D        E       F      G
               +--------+--------+--------+--------+--------+-----+--------+
         Total |   4228 |   4057 |    171 |     92 |   3177 |   5 |  845.6 |
       Dungeon |   4228 |   4057 |    171 |     92 |   3177 |   5 |  845.6 |
               +--------+--------+--------+--------+--------+-----+--------+

Top non-repeatable levels by time:
     D:2: 1140 daAuts
     D:4: 1124 daAuts
     D:3: 1103 daAuts
     D:1: 717 daAuts
     D:5: 142 daAuts
